 Dungeon Crawl Stone Soup version 0.23-a0-189-gc87c613 (webtiles) character file.

32 Felrender the Digger (level 2, -3/20 HPs)
             Began as a Demigod Earth Elementalist on Sept 23, 2018.
             Slain by an adder (4 damage)
             ... on level 2 of the Dungeon.
             The game lasted 00:03:24 (1032 turns).

Felrender the Digger (Demigod Earth Elementalist)   Turns: 1032, Time: 00:03:25

Health: -3/20      AC:  2    Str: 11    XL:     2   Next: 96%
Magic:  3/7        EV: 12    Int: 19    God:
Gold:   66         SH:  0    Dex: 16    Spells: 2/5 levels left

rFire    . . .     SeeInvis .   e - +0 dagger
rCold    . . .     Gourm    .   (no shield)
rNeg     . . .     Faith    .   c - +0 robe
rPois    .         Spirit   .   (no helmet)
rElec    .         Reflect  .   (no cloak)
rCorr    .         Harm     .   (no gloves)
MR       .....                  (no boots)
Stlth    ++........             (no amulet)
HPRegen  0.06/turn              (no ring)
MPRegen  0.10/turn              (no ring)

@: very slightly contaminated
A: high mp 1
a: no special abilities


You were on level 2 of the Dungeon.
You were not hungry.

You visited 1 branch of the dungeon, and saw 2 of its levels.

You collected 66 gold pieces.

Inventory:

Hand Weapons
 e - a +0 dagger (weapon)
Missiles
 b - 11 stones (quivered)
Armour
 c - a +0 robe (worn)
Scrolls
 a - 2 scrolls of amnesia
 h - a scroll of fear
Potions
 g - a potion of resistance {unknown}
 i - a potion of cancellation {unknown}
Comestibles
 d - a ration


   Skills:
 + Level 1.8 Dodging
 + Level 2.0 Stealth
 + Level 2.3 Spellcasting
 + Level 0.8 Transmutations
 + Level 3.2 Earth Magic


You had 2 spell levels left.
You knew the following spells:

 Your Spells              Type           Power        Failure   Level  Hunger
a - Sandblast             Erth           ##....       4%          1    #......
b - Passwall              Tmut/Erth      ##......     11%         2    ##.....

Your spell library contained the following spells:

 Spells                   Type           Power        Failure   Level  Hunger
 Stone Arrow              Conj/Erth      #.....       26%         3    ###....
 Petrify                  Tmut/Erth      ##......     56%         4    #####..
 Lee's Rapid Deconstruct  Erth           ##........   75%         5    ######.


Dungeon Overview and Level Annotations

Branches:
Dungeon (2/15)


Innate Abilities, Weirdness & Mutations

You have an increased reservoir of magic. (+10% MP)


Message History

Press: ? - help, Shift-Dir - straight line, f/p - adder
Aim: an adder (lightly wounded)
The blast of sand hits the adder.
The adder is severely wounded.
b - 11 stones The adder closely misses you.
The adder barely misses you.
You hit the adder but do no damage.
The adder is severely wounded.
The adder barely misses you.
You barely miss the adder.
The adder is severely wounded.
The adder completely misses you.
You hit the adder.
The adder is almost dead.
The adder bites you but does no damage. The adder bites you.
* * * LOW HITPOINT WARNING * * *
You barely miss the adder.
The adder is almost dead.
The adder bites you.
You die...

#.. #.# .# #.# .#
#.###.###
############.#.....#
................>#.#
##......#..##...#
####..###.#.....###
..#..###....#@.#
#.#....#.....S.#
#.#..#.#.#..#..#
#.##........#.....#
.....)....####....#
######.#..#...#####
#.#..#.#. #.#....#
#.##.###


You could see an adder.

Vanquished Creatures
  A dart slug (D:1)
  2 leopard geckos
  2 bats (D:1)
  2 giant cockroaches
  4 goblins (D:1)
  4 hobgoblins
  A quokka (D:2)
  3 frilled lizards
  3 kobolds
  4 rats
26 creatures vanquished.

Notes
Turn   | Place    | Note
-------+----------+-------------------------------------------
     0 | D:1      | Felrender the Demigod Earth Elementalist began the quest
                  | for the Orb.
     0 | D:1      | Reached XP level 1. HP: 14/14 MP: 5/5
   104 | D:1      | Reached skill level 3 in Earth Magic
   119 | D:1      | Reached XP level 2. HP: 12/20 MP: 1/7
   614 | D:1      | Learned a level 2 spell: Passwall
  1031 | D:2      | HP: 1/20 [adder (4)]
  1032 | D:2      | Slain by an adder

Vault maps used:
D:1:      minmay_arrival_wavy_path, minmay_tetromino_s2
D:2:      minmay_diamond_boxcup, uniq_jessica

Skill      XL: |  1  2 |
---------------+-------+-----
Spellcasting   | 2 |  2.3
Earth Magic    | 3 |  3.2
Stealth        | 2 |  2.0
Dodging        | |  1.8
Transmutations | |  0.8

Action                   || total
-------------------------++-------
Melee: Dagger            ||    63
       Unarmed           ||     2
 Cast: Sandblast         ||    19
  Use: Scroll            ||     3
 Stab: Sleeping          ||     3
  Eat: Ration            ||     1
Armor: Robe              ||    12
Dodge: Dodged            ||    37

Table legend:
 A = Non-vault XP
 B = Vault XP
 C = Vault XP percentage of total XP
 D = Non-vault monster count
 E = Vault monster count
 F = Vault count percentage of total count
                 A         B        C        D         E       F
            +---------+---------+-------+---------+---------+-------
      Total |      46 |       1 |   2.1 |      25 |       1 |   3.8
            +---------+---------+-------+---------+---------+-------
        D:1 |      33 |       1 |   2.9 |      18 |       1 |   5.3
        D:2 |      13 |       0 |   0.0 |       7 |       0 |   0.0
            +---------+---------+-------+---------+---------+-------
